 Dungeon Crawl Stone Soup version 0.29.1-2-gbd0b4ee654 (webtiles) character file.

Game seed: 13305037144869924760

5059 Lutefisk the Grappler (level 10, -2/102 HPs)
             Began as a Troll Warper on Nov 12, 2022.
             Slain by a two-headed ogre
             ... wielding a +0 giant club
              (25 damage)
             ... on level 10 of the Dungeon.
             The game lasted 00:36:09 (6117 turns).

Lutefisk the Grappler (Troll Warper)                Turns: 6117, Time: 00:36:10

Health: -2/102     AC:  7    Str: 27    XL:     10   Next: 31%
Magic:  12/12      EV: 12    Int:  9    God:
Gold:   414        SH:  5    Dex: 13    Spells: 5/13 levels left

rFire   . . .      SeeInvis .     - Unarmed
rCold   + . .      Faith    .   (no shield)
rNeg    . . .      Spirit   .   J - +0 steam dragon scales
rPois   .          Reflect  +   (helmet restricted)
rElec   .          Harm     .   (no cloak)
rCorr   .          Rampage  .   (gloves unavailable)
Will    .....                   (boots unavailable)
Stlth   +.........              x - amulet of reflection
HPRegen 1.07/turn               F - ring "Vaetsub" {+Blink rC+ Str+6}
MPRegen 0.13/turn               M - ring of wizardry

@: no status effects
A: large, unfitting armour, claws 3, regeneration 1, shaggy fur 1, tough skin 1
a: Evoke Blink


You were on level 10 of the Dungeon.
You visited 2 branches of the dungeon, and saw 11 of its levels.
You also visited: Sewer.

You collected 414 gold pieces.

Inventory:

Hand Weapons
 E - the +3 whip of Dullness {vorpal, rC+++ rCorr MP-9 Int+4}
   (You found it on level 5 of the Dungeon)

   It inflicts extra damage upon your enemies.
   Int:       It affects your intelligence (+4).
   rC:        It renders you almost immune to cold.
   MP:        It affects your magic capacity (-9).
   rCorr:     It protects you from acid and corrosion.
Missiles
 c - 6 boomerangs of dispersal
 d - a throwing net
 e - 68 stones
 r - 33 poisoned darts (quivered)
 K - 2 boomerangs
 L - 4 silver boomerangs
Armour
 J - +0 steam dragon scales (worn)
Jewellery
 a - an amulet of the acrobat
 x - an amulet of reflection (around neck)
 F - the ring "Vaetsub" (left claw) {+Blink rC+ Str+6}
   (You found it on level 5 of the Dungeon)

   [ring of strength]

   Str:       It affects your strength (+6).
   rC:        It protects you from cold.
   +Blink:    It lets you blink.
 M - a ring of wizardry (right claw)
Wands
 m - a wand of charming (14)
 n - a wand of mindburst (17)
 y - a wand of light (6)
 C - a wand of flame (8)
 I - a wand of polymorph (11)
Scrolls
 b - 2 scrolls of silence {unknown}
 i - 4 scrolls of butterflies {unknown}
 j - 4 scrolls of amnesia {unknown}
 k - 2 scrolls of enchant armour {unknown}
 l - 5 scrolls of teleportation {unknown}
 p - a scroll of acquirement {unknown}
 s - a scroll of poison {unknown}
 u - 4 scrolls of enchant weapon {unknown}
 w - 10 scrolls of identify {unknown}
 D - a scroll of magic mapping {unknown}
 G - a scroll of noise {unknown}
 H - 2 scrolls of immolation {unknown}
Potions
 f - 2 potions of might {unknown}
 g - 3 potions of heal wounds {unknown}
 h - 5 potions of curing
 o - 2 potions of attraction {unknown}
 q - 3 potions of flight {unknown}
 t - 4 potions of brilliance {unknown}
 v - 3 potions of mutation {unknown}
 z - 2 potions of haste
 A - a potion of resistance {unknown}
 B - a potion of cancellation {unknown}
 N - a potion of degeneration {unknown}


   Skills:
 - Level 7.0 Fighting
 - Level 2.0 Throwing
 * Level 3.5 Armour
 - Level 6.0 Dodging
 - Level 9.0 Unarmed Combat
 - Level 2.0 Spellcasting
 - Level 3.0 Translocations
 - Level 2.0 Evocations


You had 5 spell levels left.
You knew the following spells:

 Your Spells              Type           Power      Damage    Failure   Level
a - Blink                 Tloc           12%        N/A       6%          2
b - Gell's Gravitas       Tloc           6%         N/A       12%         3
c - Lesser Beckoning      Tloc           6%         N/A       12%         3

Your spell library contained the following spells:

 Spells                   Type           Power      Damage    Failure   Level
 Teleport Other           Tloc           6%         N/A       12%         3
 Beastly Appendage        Tmut           0%         N/A       13%         1
 Foxfire                  Conj/Fire      0%         2x1d4     13%         1
 Sandblast                Erth           0%         2d4       13%         1
 Ensorcelled Hibernation  Hex/Ice        0%         N/A       21%         2
 Passwall                 Tmut/Erth      0%         N/A       21%         2
 Scorch                   Fire           0%         2d5       21%         2
 Conjure Flame            Conj/Fire      0%         6-21      36%         3
 Inner Flame              Hex/Fire       0%         N/A       36%         3
 Stone Arrow              Conj/Erth      0%         3d7       36%         3
 Swiftness                Air            0%         N/A       36%         3
 Manifold Assault         Tloc           6%         N/A       69%         5
 Flame Wave               Conj/Fire      0%         2d4       75%         4
 Summon Cactus Giant      Summ           0%         N/A       100%        6
 Storm Form               Tmut/Air       0%         N/A       100%        7


Dungeon Overview and Level Annotations

Branches:
Dungeon (10/15)            Temple (1/1) D:5           Sewer (visited)
   Lair: D:8-11         Orc: D:9-12

Altars:
Ashenzari
Cheibriados
Dithmenos
Elyvilon
Fedhas
Gozag
Hepliaklqana
Kikubaaqudgha
Makhleb
Nemelex Xobeh
Okawaru
Qazlal
Ru
Sif Muna
Trog
Uskayaw
Vehumet
Wu Jian
Xom
Yredelemnul
Zin
The Shining One

Shops:
D:2 [   D:4 *   D:5 [

Annotations:
D:5 3 runed translucent doors
D:9 Erolcha


Innate Abilities, Weirdness & Mutations

You are too large for most types of armour.
You have claws for hands.
Your natural rate of healing is unusually fast.
You are covered in fur. (AC +1)
You have tough skin. (AC +1)


Message History

Aim: a two-headed ogre, wielding two +0 giant clubs (76% to hit)
You throw a poisoned dart.
The poisoned dart hits the two-headed ogre.
Unknown command.
Throw: 36 darts (poison)
Press: ? - help, Q - select action, (/) - cycle Shift-Dir - straight line, f/p - two-headed ogre
Aim: a two-headed ogre, wielding two +0 giant clubs (76% to hit)
You throw a poisoned dart.
The poisoned dart hits the two-headed ogre.
Unknown command.
Throw: 35 darts (poison)
Press: ? - help, Q - select action, (/) - cycle Shift-Dir - straight line, f/p - two-headed ogre
Aim: a two-headed ogre, wielding two +0 giant clubs (76% to hit)
You throw a poisoned dart.
The poisoned dart hits the two-headed ogre.
The two-headed ogre is poisoned.
Throw: 34 darts (poison)
Press: ? - help, Q - select action, (/) - cycle Shift-Dir - straight line, f/p - two-headed ogre
Aim: a two-headed ogre, wielding two +0 giant clubs (poisoned, 76% to hit)
You throw a poisoned dart.
The poisoned dart hits the two-headed ogre.
The two-headed ogre looks even sicker.
You scratch the two-headed ogre but do no damage.
You claw the two-headed ogre!
The two-headed ogre is moderately wounded.
The two-headed ogre hits you with a +0 giant club!!
The two-headed ogre hits you with a +0 giant club!
You mangle the two-headed ogre!!
The two-headed ogre is heavily wounded.
You barely miss the two-headed ogre.
The two-headed ogre is severely wounded.
The two-headed ogre hits you with a +0 giant club!! x2
* * * LOW HITPOINT WARNING * * *
You claw the two-headed ogre!
The two-headed ogre is severely wounded.
Okay, then.
You claw the two-headed ogre!
The two-headed ogre is almost dead.
The two-headed ogre hits you with a +0 giant club!!
You die...

.....##
###.
......
...
#....#...
#(...#..
#(...#.
+.(...#
#..O..#
#...@.#
#...#+#
#.....
#.....
#.....
#.....
#.....
......


You could see a two-headed ogre (very poisoned).

Vanquished Creatures
  Joseph (D:8)
  Maggie (D:7)
  A wyvern (D:8)
  Sigmund (D:4)
  Eustachio (D:4)
  2 steam dragons
  Duvessa (D:4)
  2 water moccasins
  A black bear (D:4)
  An ice beast (D:7)
  An orc warrior (D:8)
  A sky beast (D:6)
  An ogre (D:4)
  2 centaurs
  3 phantoms
  5 kobold brigands
  4 bullfrogs
  A gnoll sergeant (D:6)
  2 necrophages
  3 scorpions
  A water moccasin zombie (D:4)
  3 wights (D:9)
  Dowan (D:4)
  5 killer bees
  2 howler monkeys
  3 hounds
  3 jellies
  3 gnoll boudas
  3 orc priests
  3 iguanas
  6 orc wizards
  A hound zombie (D:4)
  26 gnolls
  10 adders
  A shadow imp (D:6)
  2 white imps (D:6)
  3 ufetubi
  4 worms
  31 orcs
  5 bats
  13 endoplasms
  4 giant cockroaches (D:1)
  4 goblins
  5 hobgoblins
  4 jackals (D:1)
  2 quokkas
  10 ball pythons
  4 frilled lizards
  22 kobolds
  10 rats
229 creatures vanquished.

Vanquished Creatures (collateral kills)
  2 orcs (D:4)
  A goblin (D:4)
3 creatures vanquished.

Vanquished Creatures (others)
  An orc (D:4)
  9 plants (D:4)
10 creatures vanquished.

Grand Total: 242 creatures vanquished

Notes
Turn   | Place    | Note
-------+----------+-------------------------------------------
     0 | D:1      | Lutefisk the Troll Warper began the quest for the Orb.
     0 | D:1      | Reached XP level 1. HP: 19/19 MP: 1/1
    52 | D:1      | Reached skill level 1 in Throwing
   142 | D:2      | Reached XP level 2. HP: 28/28 MP: 2/2
   144 | D:2      | Found Ompenub's Antique Armour Emporium.
   370 | D:2      | Reached XP level 3. HP: 35/35 MP: 3/3
   465 | D:2      | You fall into a shaft and drop 1 floor!
   483 | D:3      | Found an opulent altar of Gozag.
   499 | D:3      | Reached skill level 3 in Unarmed Combat
   555 | D:3      | Learned a level 2 spell: Blink
   649 | D:1      | Reached XP level 4. HP: 44/44 MP: 4/4
   745 | D:1      | Found a faded altar of an unknown god.
   750 | D:1      | Got Plato's Grimoire of Transmogrification
  1111 | D:3      | Reached skill level 4 in Unarmed Combat
  1149 | D:3      | Reached XP level 5. HP: 45/53 MP: 5/5
  1278 | D:3      | Found a burning altar of Makhleb.
  1314 | D:3      | Noticed a water moccasin
  1351 | D:4      | Reached skill level 1 in Evocations
  1376 | D:4      | Noticed Sigmund
  1410 | D:3      | Reached XP level 6. HP: 36/62 MP: 6/6
  1418 | D:4      | Found a basalt altar of Yredelemnul.
  1441 | D:4      | Reached skill level 1 in Armour
  1470 | D:4      | Reached skill level 5 in Unarmed Combat
  1490 | D:4      | Found Lixosun's Mayhem Merchandise.
  1506 | D:4      | Reached XP level 7. HP: 13/70 MP: 7/7
  1619 | D:4      | Found a glowing drain.
  1659 | Sewer    | Entered a sewer
  2117 | Sewer    | Reached skill level 6 in Unarmed Combat
  2338 | D:4      | Killed Sigmund
  2392 | D:4      | Noticed Duvessa
  2392 | D:4      | Noticed Dowan
  2398 | D:4      | Killed Duvessa
  2399 | D:4      | Reached XP level 8. HP: 52/78 MP: 8/8
  2408 | D:4      | Killed Dowan
  2616 | D:4      | Found a sparkling altar of Nemelex Xobeh.
  2654 | D:4      | Reached skill level 7 in Unarmed Combat
  2676 | D:4      | Noticed Eustachio
  2770 | D:4      | Killed Eustachio
  3178 | D:5      | Entered Level 5 of the Dungeon
  3219 | D:5      | Found a stormy altar of Qazlal.
  3222 | D:5      | Identified the +3 whip of Dullness {vorpal, rC+++ rCorr
                  | MP-9 Int+4}
  3228 | D:5      | Found a bloodstained altar of Trog.
  3228 | D:5      | Found a broken altar of Ashenzari.
  3270 | D:5      | Reached skill level 5 in Fighting
  3272 | D:5      | Found Maczusk's Armour Shoppe.
  3272 | D:5      | Found a runed translucent gate.
  3277 | D:5      | Found a runed translucent gate.
  3277 | D:5      | Found a runed translucent gate.
  3280 | D:5      | Identified the ring "Vaetsub" {+Blink rC+ Str+6}
  3287 | D:5      | Learned a level 3 spell: Gell's Gravitas
  3291 | D:5      | Learned a level 3 spell: Lesser Beckoning
  3345 | D:5      | Found a staircase to the Ecumenical Temple.
  3354 | Temple   | Entered the Ecumenical Temple
  3663 | D:6      | Reached skill level 8 in Unarmed Combat
  3663 | D:6      | Reached XP level 9. HP: 57/88 MP: 9/9
  4477 | D:7      | Noticed Maggie
  4484 | D:7      | Killed Maggie
  4485 | D:7      | Reached skill level 5 in Dodging
  4514 | D:7      | Found a hazy altar of Hepliaklqana.
  4618 | D:7      | Found an ornate altar of the Wu Jian Council.
  4652 | D:7      | Found a snail-covered altar of Cheibriados.
  4882 | D:7      | Reached skill level 9 in Unarmed Combat
  4901 | D:8      | Found a shimmering altar of Xom.
  4901 | D:8      | Found a shimmering altar of Xom.
  4902 | D:8      | Found a shimmering altar of Xom.
  4902 | D:8      | Found a shimmering altar of Xom.
  4982 | D:8      | Reached XP level 10. HP: 66/100 MP: 12/12
  5175 | D:8      | Noticed Joseph
  5195 | D:8      | Killed Joseph
  5380 | D:8      | Found an iron altar of Okawaru.
  5405 | D:8      | Identified the +10 falchion "Reczif" {freeze, Str+2 Stlth+}
  5728 | D:9      | Noticed Erolcha
  5760 | D:9      | Found a glowing silver altar of Zin.
  6108 | D:10     | Entered Level 10 of the Dungeon
  6108 | D:10     | Noticed a two-headed ogre
  6117 | D:10     | Slain by a two-headed ogre

Illustrated notes

Levels and vault maps discovered:
D:1:      roderic_chinese_lattice_arrival, layout_basic,
          shapermc_ecumenical_altar_rom_forum, minmay_ruptured
D:2:      layout_basic, serial_shops,
          nicolae_shop_temple_entry_statues_fountains
D:3:      layout_basic, demons_altar, grunt_gozag_breadcrumbs
D:4:      layout_loops_ring, nemelex_spade_bored_becter,
          lemuel_zombie_altar_yredelemnul, serial_forest,
          infiniplex_forest_corner_1, infiniplex_forest_lined_room_2,
          infiniplex_forest_lined_1, infiniplex_forest_end_1,
          infiniplex_forest_end_3, infiniplex_forest_end_3,
          infiniplex_forest_end_2, cheibrodos_sewer_entry_sluice,
          minmay_shop_mayhem, st_stairs_3, uniq_eustachio, uniq_sigmund,
          uniq_duvessa
D:5:      layout_cave_pools, gammafunk_temple_overflow_forgotten,
          minmay_temple_entry_poolview, serial_shops, shop, gammafunk_ghost_icy,
          uniq_crazy_yiuf_cottage
D:6:      layout_basic, nicolae_sextant
D:7:      layout_basic, nicolae_overflow_crystal_walls,
          nzn_wu_jian_contemplation, general_overflow_altar, uniq_maggie
D:8:      layout_rooms, okawaru_ov_weapons_minmay, xom_redecorated,
          serial_aquarium, aquarium_bridge_straight [aquarium_subvault_bridge,
          aquarium_subvault_balcony, aquarium_subvault_bridge,
          aquarium_subvault_wall], aquarium_bridge_island_small
          [aquarium_subvault_small_water, aquarium_subvault_window,
          aquarium_subvault_bridge, aquarium_subvault_bridge,
          aquarium_subvault_window], aquarium_window_1, aquarium_window_1,
          aquarium_window_corridor_2, aquarium_window_2, aquarium_view_2d,
          uniq_joseph
D:9:      layout_stronghold, mainiacjoe_overflow_chevrons,
          minmay_fractal_squares_gapless_7, uniq_erolcha
D:10:     layout_basic, lair_entry_dummy, kennysheep_flooded_box,
          uniq_gastronok, uniq_fannar
Temple:   nicolae_temple_bog_church

Skill      XL: |  1  2  3  4  5  6  7  8  9 10 |
---------------+-------------------------------+-----
Throwing       | 1 2 |  2.0
Fighting       | 2 3 4 5 6 7 |  7.0
Unarmed Combat | 3 4 5 6 8 9 |  9.0
Dodging        | 2 4 5 6 |  6.0
Evocations     | 1 2 |  2.0
Armour         | 1 2 3 |  3.5
Spellcasting   | 2 |  2.0
Translocations | 3 |  3.0

Action                   |  1- 3 |  4- 6 |  7- 9 | 10-12 || total
-------------------------+-------+-------+-------+-------++-------
Melee: Unarmed           |    49 |   185 |   433 |    95 ||   762
       Punch             |     2 |     3 |    16 |     2 ||    23
Throw: Stone             |    10 |     7 |    15 |       ||    32
       Dart              |       |     5 |    11 |     5 ||    21
       Boomerang         |       |     1 |       |       ||     1
Evoke: Wand              |       |     3 |     4 |       ||     7
  Use: Scroll            |       |       |     1 |       ||     1
 Stab: Sleeping          |     2 |       |     2 |       ||     4
       Invisible         |       |       |     1 |       ||     1
Armor: Robe              |     6 |    44 |    44 |       ||    94
       Steam dragon scal |       |       |    21 |    26 ||    47
Dodge: Dodged            |    17 |   111 |   173 |    40 ||   341
Block: Other             |       |       |    87 |    17 ||   104
       Reflection        |       |       |     3 |     1 ||     4
